 Dungeon Crawl Stone Soup version 0.19-a0-1401-g902f63d (webtiles) character file.

2860 Amnesiac the Thaumaturge (level 9, -2/45 HPs)
             Began as a Deep Elf Necromancer on Sept 4, 2016.
             Slain by a gnoll
             ... wielding a +0 halberd
              (12 damage)
             ... on level 7 of the Dungeon.
             The game lasted 00:16:00 (6782 turns).

Amnesiac the Thaumaturge (Deep Elf Necromancer)     Turns: 6782, Time: 00:16:01

Health: -2/45      AC:  6    Str:  5    XL:     9   Next: 47%
Magic:  25/25      EV: 18    Int: 26    God:
Gold:   457        SH:  0    Dex: 18    Spells: 8 memorised, 8 levels left

rFire  . . .     SeeInvis .     r - +10 morningstar "Ewoatodd" {vamp, Int+5}
rCold  . . .     Gourm    .     a - +0 robe
rNeg   . . .     Faith    .     (no shield)
rPois  +         Spirit   .     j - +1 helmet
rElec  .         Dismiss  .     (no cloak)
rCorr  .         Reflect  .     (no gloves)
MR     .....     Harm     .     n - +0 pair of boots
Stlth  ++........               g - amulet of regeneration
                                (no ring)
                                (no ring)

@: no status effects
A: hooves 1, slimy green scales 1, deformed body, poison resistance
a: no special abilities


You were on level 7 of the Dungeon.
You were hungry.

You visited 2 branches of the dungeon, and saw 8 of its levels.
You also visited: Ossuary.

You collected 457 gold pieces.

Inventory:

Hand Weapons
 f - a +2 dagger of venom
 h - a +3 flail of protection
 r - the +10 morningstar "Ewoatodd" (weapon) {vamp, Int+5}
   (You found it on level 4 of the Dungeon)

   It inflicts no extra harm, but heals its wielder somewhat when it strikes a
   living foe.
   It affects your intelligence (+5).
Armour
 a - a +0 robe (worn)
 j - a +1 helmet (worn)
 n - a +0 pair of boots (worn)
 o - a +0 fire dragon armour
 y - a +0 shield
Jewellery
 g - an amulet of regeneration (around neck)
Wands
 d - a wand of hasting (5/9)
 p - a wand of random effects (20/48)
 I - a wand of paralysis (14/24)
Scrolls
 k - 2 scrolls of remove curse
 z - a scroll of enchant weapon
 B - 2 scrolls of magic mapping
 C - a scroll of teleportation
 J - a scroll of amnesia {unknown}
Potions
 e - 4 potions of resistance {unknown}
 i - a potion of agility
 l - a potion of cure mutation {unknown}
 m - a potion of flight {unknown}
 q - a potion of haste {unknown}
 t - 3 potions of heal wounds {unknown}
 v - 2 potions of curing
 x - 3 potions of magic {unknown}
 A - a potion of berserk rage {unknown}
 D - a potion of ambrosia
 F - 2 potions of mutation {unknown}
Books
 b - a book of Necromancy

   Spells                             Type                      Level
   a - Pain                           Necromancy                   1
   b - Animate Skeleton               Necromancy                   1
   c - Vampiric Draining              Necromancy                   3
   d - Regeneration                   Charms/Necromancy            3
   e - Animate Dead                   Necromancy                   4
   f - Control Undead                 Necromancy                   4
 s - a book of Burglary

   Spells                             Type                      Level
   a - Swiftness                      Charms/Air                   2
   b - Passwall                       Transmutation/Earth          2
   c - Passage of Golubria            Translocation                4
   d - Lee's Rapid Deconstruction     Earth                        5
   e - Darkness                       Hexes                        6
   f - Invisibility                   Hexes                        6
 u - a book of Annihilations

   Spells                             Type                      Level
   a - Poison Arrow                   Conjuration/Poison           6
   b - Chain Lightning                Conjuration/Air              8
   c - Lehudib's Crystal Spear        Conjuration/Earth            8
   d - Glaciate                       Conjuration/Ice              9
   e - Fire Storm                     Conjuration/Fire             9
Comestibles
 c - a bread ration
 w - 3 meat rations
 E - a beef jerky
 G - 2 fruits
 H - a slice of pizza


   Skills:
 + Level 3.4 Maces & Flails
 - Level 7.4 Dodging
 - Level 2.4 Stealth
 - Level 10.3 Spellcasting
 - Level 10.1 Necromancy


You had 8 spell levels left.
You knew the following spells:

 Your Spells              Type           Power        Failure   Level  Hunger
a - Control Undead        Necr           ######....   1%          4    None
b - Animate Dead          Necr           N/A          1%          4    None
c - Animate Skeleton      Necr           N/A          1%          1    None
d - Passwall              Tmut/Erth      ##........   10%         2    None
e - Swiftness             Chrm/Air       ##......     10%         2    None
f - Vampiric Draining     Necr           ######....   1%          3    None
r - Regeneration          Chrm/Necr      #####.....   1%          3    None
z - Pain                  Necr           ####         1%          1    None


Dungeon Overview and Level Annotations

Branches:
Dungeon (7/15)             Temple (1/1) D:7

Altars:
Ashenzari
Cheibriados
Dithmenos
Fedhas
Gozag
Makhleb
Nemelex Xobeh
Okawaru
Qazlal
Ru
Sif Muna
Trog
Uskayaw
Xom
Yredelemnul
Zin
The Shining One

Shops:
D:5 }

Annotations:
D:4 Edmund, Grinder


Innate Abilities, Weirdness & Mutations

You have large cloven feet.
You are partially covered in slimy green scales. (AC +2)
Armour fits poorly on your strangely shaped body.
Your system is resistant to poisons. (rPois)


Message History

The centaur hits you but does no damage.
You puncture the centaur!
You kill the centaur!
The gnoll misses you. The gnoll hits you but does no damage.
You hit the gnoll.
The gnoll is lightly wounded.
The gnoll barely misses you.
The gnoll hits you from afar with a spear.
The gnoll hits you with a flail!
You barely miss the gnoll.
The gnoll is lightly wounded.
The gnoll hits you from afar with a spear.
* * * LOW HITPOINT WARNING * * *
The gnoll completely misses you.
You closely miss the gnoll.
The gnoll is lightly wounded.
The gnoll hits you from afar with a spear.
* * * LOW HITPOINT WARNING * * *
The gnoll hits you from afar with a halberd!
You die...

#...........#
#..>........#
#...........#
#(....(...).#
#...........#
#...........#
#
#........####
# ###(######
# #@# # #g# #


ggg # ..... # ....... ......... ........... ............# You could see 4
gnolls.

Vanquished Creatures
  Joseph (D:7)
  A slime creature (D:7)
  3 sky beasts
  A centaur (D:7)
  4 ogres
  A phantom (D:4)
  3 giant frogs (D:7)
  Blork the orc (D:5)
  A gnoll sergeant (D:7)
  A scorpion (D:6)
  A killer bee (D:7)
  2 crimson imps (D:5)
  A centaur zombie (D:6)
  2 hounds
  7 orc wizards
  2 jellies
  An orc priest (D:3)
  4 worker ants
  A mummy (Ossuary)
  A howler monkey zombie (D:7)
  2 worker ant zombies
  10 adders
  17 gnolls
  2 shadow imps
  An adder zombie (D:5)
  An adder skeleton (D:4)
  A dart slug (D:2)
  20 orcs
  4 giant cockroaches
  4 goblins
  6 hobgoblins
  5 jackals
  3 quokkas
  6 bats
  5 giant newts
  2 goblin zombies (Ossuary)
  5 hobgoblin zombies (Ossuary)
  A jackal zombie (Ossuary)
  4 kobolds
  5 kobold zombies (Ossuary)
  6 orc zombies (Ossuary)
  4 rats
  A rat zombie (Ossuary)
154 creatures vanquished.

Vanquished Creatures (collateral kills)
  The ghost of p0werm0de the Stinger, a novice OpVM of Ashenzari (Ossuary)
  An elf zombie (Ossuary)
  A big kobold zombie (Ossuary)
  A mummy (Ossuary)
  2 adder zombies (Ossuary)
  A goblin zombie (Ossuary)
  7 hobgoblin zombies (Ossuary)
  3 kobold zombies (Ossuary)
  An orc zombie (Ossuary)
  A rat zombie (Ossuary)
19 creatures vanquished.

Grand Total: 173 creatures vanquished

Notes
Turn   | Place    | Note
-------+----------+-------------------------------------------
     0 | D:1      | Amnesiac the Deep Elf Necromancer began the quest for the Orb.
     0 | D:1      | Reached XP level 1. HP: 10/10 MP: 6/6
     6 | D:1      | Learned a level 1 spell: Animate Skeleton
   181 | D:1      | Reached skill level 5 in Necromancy
   219 | D:1      | Reached XP level 2. HP: 8/15 MP: 3/8
   486 | D:1      | You fall through a shaft!
   833 | D:3      | Reached XP level 3. HP: 16/19 MP: 5/10
   840 | D:3      | Learned a level 3 spell: Regeneration
   844 | D:3      | Learned a level 3 spell: Vampiric Draining
   965 | D:3      | Found a snail-covered altar of Cheibriados.
  1085 | D:4      | Noticed Grinder
  1128 | D:4      | Noticed a phantom
  1164 | D:4      | Reached XP level 4. HP: 12/24 MP: 6/12
  1170 | D:4      | Reached skill level 5 in Spellcasting
  1242 | D:4      | Killed a phantom
  1242 | D:4      | Reached XP level 5. HP: 16/28 MP: 0/15
  1457 | D:4      | Got a translucent morningstar
  1624 | D:5      | Entered Level 5 of the Dungeon
  1806 | D:5      | Learned a level 4 spell: Animate Dead
  1811 | D:5      | Reached XP level 6. HP: 14/32 MP: 6/17
  1837 | D:5      | Learned a level 4 spell: Control Undead
  1970 | D:5      | Found an opulent altar of Gozag.
  2182 | D:5      | Found a bloodstained altar of Trog.
  2182 | D:5      | Noticed Blork the orc
  2192 | D:5      | Killed Blork the orc
  2336 | D:5      | Learned a level 2 spell: Passwall
  2392 | D:5      | Found Hier's Gadget Shoppe.
  2446 | D:5      | HP: 1/32 [worker ant (4)]
  2609 | D:5      | Reached XP level 7. HP: 31/36 MP: 15/20
  2640 | D:5      | Learned a level 2 spell: Swiftness
  3458 | D:6      | Found a sacrificial altar of Ru.
  3644 | D:6      | Reached XP level 8. HP: 41/41 MP: 20/23
  4161 | D:7      | Noticed Joseph
  4169 | D:7      | Noticed a slime creature
  4180 | D:7      | Killed a slime creature
  4180 | D:7      | Reached skill level 10 in Spellcasting
  4180 | D:7      | Reached skill level 10 in Necromancy
  4416 | D:7      | Found a burning altar of Makhleb.
  4416 | D:7      | Noticed a balrug
  4526 | D:7      | Reached skill level 5 in Dodging
  4537 | D:7      | Gained mutation: You are partially covered in slimy green scales. (AC +2) [mutagenic meat]
  4540 | D:7      | Gained mutation: You are frail. (-10% HP) [mutagenic meat]
  4543 | D:7      | Gained mutation: You have large cloven feet. [mutagenic meat]
  4546 | D:7      | Lost mutation: You are frail. (-10% HP) [mutagenic meat]
  4549 | D:7      | Gained mutation: Your system is resistant to poisons. (rPois) [mutagenic meat]
  4552 | D:7      | Gained mutation: Armour fits poorly on your strangely shaped body. [mutagenic meat]
  4659 | D:7      | Found a hide-covered altar of Uskayaw.
  4659 | D:7      | Noticed a dagger
  4659 | D:7      | Noticed a hand axe
  4675 | D:7      | Found a sand-covered staircase.
  4746 | Ossuary  | Entered an ossuary
  4748 | Ossuary  | Noticed p0werm0de's ghost (novice OpVM)
  4807 | Ossuary  | Killed p0werm0de's ghost
  4807 | Ossuary  | Reached XP level 9. HP: 35/45 MP: 15/25
  4999 | D:7      | Found a staircase to the Ecumenical Temple.
  5007 | Temple   | Entered the Ecumenical Temple
  5177 | D:2      | Found a sparkling altar of Nemelex Xobeh.
  5406 | D:2      | Found a glowing golden altar of the Shining One.
  5817 | D:3      | Identified the +10 morningstar "Ewoatodd" {vamp, Int+5} (You found it on level 4 of the Dungeon)
  6315 | D:4      | Noticed Edmund
  6463 | D:7      | Reached skill level 1 in Maces & Flails
  6720 | D:7      | Killed Joseph
  6782 | D:7      | Slain by a gnoll

Vault maps used:
D:1:      dpeg_arrival_chase, minmay_cut_off
D:2:      overflow_temple_1_default, nicolae_tso_swordbearing_angel
D:3:      lemuel_doored_altar, kennysheep_crisscross
D:4:      uniq_crazy_yiuf_cottage, uniq_edmund, uniq_grinder
D:5:      lemuel_crystal_altar, old_standard_altar, first_bread, serial_shops,
          kennysheep_mini, uniq_blork_the_orc
D:6:      nicolae_ru_path_of_blood
D:7:      hangedman_cross_stitches, dancing_weapons_uskayaw,
          makhleb_altar_promises_db, chequers_ossuary_entry_cave, uniq_joseph
Temple:   minmay_freezing_vapour_temple
Ossuary:  ossuary_tomb_1

Skill      XL: |  1  2  3  4  5  6  7  8  9 |
---------------+----------------------------+-----
Necromancy     | 5 6 7 9 10 | 10.1
Spellcasting   | 4 5 6 7 9 10 | 10.3
Dodging        | 6 7 |  7.4
Maces & Flails | 3 |  3.4
Stealth        | |  2.4

Action                   |  1- 3 |  4- 6 |  7- 9 || total
-------------------------+-------+-------+-------++-------
Melee: Flail             |    14 |   101 |   404 ||   519
       Kick              |       |       |    17 ||    17
       Morningstar       |       |       |    49 ||    49
 Cast: Pain              |    47 |    50 |   152 ||   249
       Vampiric Draining |       |    13 |    21 ||    34
       Regeneration      |       |    11 |    11 ||    22
       Control Undead    |       |       |    11 ||    11
  Use: Scroll            |       |     6 |     7 ||    13
       Potion            |       |     2 |       ||     2
 Stab: Distracted        |       |     1 |     2 ||     3
       Sleeping          |       |       |     2 ||     2
       Betrayed ally     |       |       |     2 ||     2
  Eat: Chunk             |       |     7 |    16 ||    23
       Bread ration      |       |       |     2 ||     2
Armor: Robe              |    11 |    46 |   204 ||   261
Dodge: Dodged            |    15 |    88 |   408 ||   511
